[Event "56th Rubinstein Memorial D 2020"]
[Site "Polanica Zdroj"]
[Date "2020.08.17"]
[Round "3.19"]
[White "Biel, Maciej"]
[Black "Zarzecki, Dymitr Stanislaw"]
[Result "*"]
[WhiteElo "1275"]
[BlackElo "1596"]
[Annotator "NA RC"]
[PlyCount "104"]
[EventDate "2020.08.15"]
[EventType "swiss"]
[EventCountry "POL"]
[SourceTitle "playchess.com"]
[Source "ChessBase"]
[SourceQuality "1"]
[TimeControl "40/5400+30:1800+30"]

1. e4 c5 2. d3 Nc6 3. Nf3 d6 4. g3 g6 5. Bg2 Bg7 6. O-O Nf6 7. c3 O-O 8. Re1 Nh5 9. Na3 e5 10. Nc4 b5 11. Ne3 Rb8 12. Nh4 Be6 13. Ng4 Nf4 14. Qf3 Bxg4 15. Qxg4 Nxd3 16. Rf1 Nxc1 17. Raxc1 b4 18. f4 bxc3 19. bxc3 Rb2 20. f5 Qd7 21. Nf3 Rxa2 22. Qh4 Qe7 23. Qg4 a5 24. h4 h5 25. Qh3 Bh6 26. Rcd1 Rb8 27. fxg6 fxg6 28. Rb1 Rab2 29. Rxb2 Rxb2 30. Qc8+ Nd8 31. Rd1 Kg7 32. Nxe5 Nf7 33. Nc6 Qf6 34. Rf1 Be3+ 35. Kh1 Rf2 36. Rb1 Qxc3 37. Ne7 Qc2 38. Qg8+ Kf6 39. Nd5+ Ke5 40. Qg7+ Ke6 41. Bh3+ Rf5 42. Qxg6+ Ke5 43. Qxf5+ Kd4 44. Qf1 Ne5 45. Rd1+ Nd3 46. Qxd3+ Qxd3 47. Rxd3+ Kxd3 48. Nf6 a4 49. Be6 c4 50. Nxh5 a3 51. Nf4+ Bxf4 52. gxf4 a2 *

[Event "56th Rubinstein Memorial D 2020"]
[Site "Polanica Zdroj"]
[Date "2020.08.17"]
[Round "3.20"]
[White "Pietrzak, Wojciech"]
[Black "Bialik, Nikodem"]
[Result "0-1"]
[ECO "A34"]
[WhiteElo "1773"]
[BlackElo "1552"]
[Annotator "NA RC"]
[PlyCount "60"]
[EventDate "2020.08.15"]
[EventType "swiss"]
[EventCountry "POL"]
[SourceTitle "playchess.com"]
[Source "ChessBase"]
[SourceQuality "1"]
[TimeControl "40/5400+30:1800+30"]

1. c4 c5 2. Nc3 e6 3. Nf3 Nf6 4. e4 d5 5. cxd5 exd5 6. d3 dxe4 7. Nxe4 Be7 8. Be2 O-O 9. b3 Nc6 10. O-O b6 11. Bb2 Bb7 12. h3 Nb4 13. Re1 Nxe4 14. dxe4 Bxe4 15. Qxd8 Bxd8 16. Red1 h6 17. Ne5 Bf6 18. f3 Bf5 19. g4 Bxe5 20. Bxe5 Rfe8 21. f4 f6 22. gxf5 fxe5 23. Bc4+ Kh8 24. Be6 exf4 25. Rd2 Rad8 26. Bd7 Re3 27. Rad1 Rxh3 28. Kg2 Re3 29. Be6 Red3 30. Bc4 Rxd2+ 0-1

[Event "56th Rubinstein Memorial D 2020"]
[Site "Polanica Zdroj"]
[Date "2020.08.18"]
[Round "4.1"]
[White "Bienkowski, Zbigniew"]
[Black "Simon, Marek"]
[Result "0-1"]
[ECO "B18"]
[WhiteElo "1739"]
[BlackElo "1878"]
[Annotator "NA RC"]
[PlyCount "118"]
[EventDate "2020.08.15"]
[EventType "swiss"]
[EventCountry "POL"]
[SourceTitle "playchess.com"]
[Source "ChessBase"]
[SourceQuality "1"]
[TimeControl "40/5400+30:1800+30"]

1. e4 c6 2. Nc3 d5 3. d4 dxe4 4. Nxe4 Bf5 5. Ng3 Bg6 6. Nh3 Nd7 7. Nf4 {[%emt 0:00:42] 7.Bc4 is more advanced technology. B18: Classical Caro-Kann: 4...Bf5 sidelines.} e5 8. Nxg6 hxg6 9. dxe5 Qa5+ 10. Bd2 Qxe5+ 11. Qe2 Qxe2+ 12. Bxe2 Ngf6 13. O-O-O Bc5 {[%emt 0:07:04] [#]} 14. Be1 $146 ({Predecessor:} 14. f4 O-O 15. Bf3 Rfe8 16. Rhe1 Bf2 17. Rf1 Be3 18. Bxe3 Rxe3 19. Rfe1 Rxe1 20. Rxe1 {0-1 (36) Lugovskoy,M (2428)-Esipenko,A (2609) Sochi 2018}) 14... O-O-O 15. b4 Bb6 16. a4 Ne5 17. Rxd8+ Rxd8 18. a5 Bc7 19. Bd2 Neg4 20. Bg5 Nxf2 21. Rf1 Bxg3 22. hxg3 N2e4 23. Bf4 Nd5 24. Bg4+ f5 25. Bh3 Ndf6 26. Be5 Re8 27. Bd4 $2 (27. Bf4) 27... Nxg3 28. Rd1 Ne2+ 29. Kb2 Nxd4 30. Rxd4 Re4 31. Rd3 Rxb4+ 32. Ka3 Re4 33. Rg3 Ng4 34. Kb3 Kd7 35. Rd3+ Ke7 $19 36. Kb2 Ne5 37. Rg3 Kf6 38. a6 bxa6 39. Rb3 a5 40. c3 Re3 41. Rb8 Rg3 42. Rf8+ Kg5 43. Rg8 Kf4 44. Rd8 c5 45. Rf8 a4 46. Ka3 Rxc3+ 47. Kxa4 Rg3 48. Kb5 c4 49. Kb4 Rb3+ 50. Ka4 Rg3 51. Kb4 a5+ 52. Ka4 Ng4 53. Rg8 Ne3 54. Rxg7 g5 55. Kxa5 g4 56. Rh7 c3 57. Rc7 c2 58. Ka4 gxh3 59. gxh3 Rg1 0-1

[Event "56th Rubinstein Memorial D 2020"]
[Site "Polanica Zdroj"]
[Date "2020.08.18"]
[Round "4.2"]
[White "Gromczak, Dariusz"]
[Black "Ursnik, Patryk"]
[Result "1-0"]
[ECO "B24"]
[WhiteElo "1785"]
[BlackElo "1601"]
[Annotator "NA RC"]
[PlyCount "29"]
[EventDate "2020.08.15"]
[EventType "swiss"]
[EventCountry "POL"]
[SourceTitle "playchess.com"]
[Source "ChessBase"]
[SourceQuality "1"]
[TimeControl "40/5400+30:1800+30"]

1. e4 c5 2. Nc3 Nc6 3. Nf3 Nf6 4. Bb5 a6 5. Bxc6 dxc6 6. h3 g6 7. d3 Bg7 8. Be3 Qa5 9. O-O O-O 10. Nd2 Nd7 11. Nb3 Qb6 12. Na4 Qb5 13. Naxc5 Nxc5 14. Bxc5 Bxb2 15. a4 1-0

[Event "56th Rubinstein Memorial D 2020"]
[Site "Polanica Zdroj"]
[Date "2020.08.18"]
[Round "4.4"]
[White "Szczygiel, Konrad"]
[Black "Wawrzyniak, Pawel"]
[Result "1-0"]
[ECO "D47"]
[WhiteElo "1901"]
[BlackElo "1824"]
[Annotator "RC"]
[PlyCount "79"]
[EventDate "2020.08.15"]
[EventType "swiss"]
[EventCountry "POL"]
[SourceTitle "playchess.com"]
[Source "ChessBase"]
[SourceQuality "1"]
[TimeControl "40/5400+30:1800+30"]

1. d4 d5 2. c4 e6 3. Nc3 Nf6 4. Nf3 c6 5. e3 Nbd7 6. Bd3 dxc4 7. Bxc4 b5 8. Bd3 Bb7 9. e4 b4 10. e5 bxc3 11. exf6 cxb2 12. fxg7 bxa1=Q 13. gxh8=Q Qa5+ 14. Bd2 Qxd1+ 15. Kxd1 Qa4+ 16. Ke2 Ba6 17. Rc1 Bxd3+ 18. Kxd3 Qb5+ 19. Ke3 O-O-O 20. Qxh7 f5 21. Qg6 Qd5 22. Ke2 Ba3 23. Rc3 Bb4 24. Rc1 Ba3 25. Rc3 Bb4 26. Rc2 Qe4+ 27. Kd1 Bd6 28. Ng5 Qg4+ 29. f3 Qxg2 30. Rxc6+ Kb7 31. Rc3 Nf8 32. Qf7+ Rd7 33. Qe8 Rc7 34. Rxc7+ Bxc7 35. Qxf8 Qf1+ 36. Kc2 Qc4+ 37. Kb2 a5 38. Qc5 Qe2 39. Qc2 Bxh2 40. Bxa5 1-0

[Event "56th Rubinstein Memorial D 2020"]
[Site "Polanica Zdroj"]
[Date "2020.08.18"]
[Round "4.5"]
[White "Sypien, Natan"]
[Black "Janicki, Rafal"]
[Result "1/2-1/2"]
[ECO "D15"]
[WhiteElo "1794"]
[BlackElo "1851"]
[Annotator "NA RC"]
[PlyCount "73"]
[EventDate "2020.08.15"]
[EventType "swiss"]
[EventCountry "POL"]
[SourceTitle "playchess.com"]
[Source "ChessBase"]
[SourceQuality "1"]
[TimeControl "40/5400+30:1800+30"]

1. d4 d5 2. c4 c6 3. Nf3 Nf6 4. Nc3 a6 5. e3 Nbd7 6. Bd3 e6 7. O-O {[%emt 0:00:19] is the legacy move (7.b3).} Be7 {[%emt 0:01:30] D46: Semi-Slav: 5 e3 Nbd7 6 Bd3, Black avoids the Meran.} 8. Qc2 (8. e4 $14) 8... O-O ({Better is} 8... dxc4 $11 9. Bxc4 b5) 9. Bd2 {[%emt 0:06:13] [#]} dxc4 $146 ({Predecessor:} 9... b6 10. Rac1 Bb7 11. b3 dxc4 12. bxc4 c5 13. dxc5 Nxc5 14. Ne1 Nxd3 15. Qxd3 Qxd3 16. Nxd3 {½-½ (16) Finsel,M (1677)-Bokemaer,A (1334) Hanau 2010}) 10. Bxc4 b5 11. Bd3 c5 12. dxc5 Nxc5 13. Be2 Bb7 14. Rfd1 Rc8 15. Be1 Qb6 16. Rac1 b4 17. Na4 Qa5 18. Nxc5 Rxc5 19. Qb1 Be4 20. Rxc5 Qxc5 21. Qc1 Qb6 22. Ne5 Qa5 23. Nd7 Qg5 24. f3 Nxd7 25. Rxd7 ({But not} 25. fxe4 $6 Bc5 $15) 25... Bd5 (25... Bc5 $14 26. Bf2 Ba8) 26. a3 (26. h4 $18 Qf6 27. b3 (27. Bxa6 Bxa2 28. Qc7 Bd8 $16)) 26... a5 27. Bd2 $14 Ba8 28. e4 Qc5+ 29. Qxc5 Bxc5+ 30. Kf1 bxa3 31. bxa3 Bxa3 32. Bxa5 Bc5 33. Bb5 h6 34. Ke2 Rb8 35. Rd8+ Rxd8 36. Bxd8 Kf8 37. Kd3 1/2-1/2

[Event "56th Rubinstein Memorial D 2020"]
[Site "Polanica Zdroj"]
[Date "2020.08.18"]
[Round "4.6"]
[White "Lewandrowski, Tomasz"]
[Black "Szczygiel, Jakub"]
[Result "1/2-1/2"]
[ECO "B27"]
[WhiteElo "1879"]
[BlackElo "1802"]
[Annotator "NA RC"]
[PlyCount "101"]
[EventDate "2020.08.15"]
[EventType "swiss"]
[EventCountry "POL"]
[SourceTitle "playchess.com"]
[Source "ChessBase"]
[SourceQuality "1"]
[TimeControl "40/5400+30:1800+30"]

1. e4 c5 2. Nf3 g6 3. c3 Bg7 4. d4 cxd4 5. cxd4 d5 6. e5 Nc6 7. h3 e6 {[%emt 0:04:39] B27: Sicilian: 2 Nf3, unusual Black 2nd moves.} 8. Bb5 {[%emt 0:06:12] [#]} Nge7 $146 ({Predecessor:} 8... Bd7 9. Nc3 f6 10. O-O Nge7 11. exf6 Bxf6 12. Re1 O-O 13. Bh6 Re8 14. Bxc6 Nxc6 15. Bf4 {½-½ (48) Novikov,V (2329)-Hentunen,A (2341) Saint Vincent 2005}) 9. O-O O-O 10. Bxc6 Nxc6 11. Nc3 f6 12. Bf4 fxe5 13. Bxe5 Nxe5 14. Nxe5 Bxe5 15. dxe5 Bd7 16. Qd4 a6 17. Rad1 Bc6 18. Rd2 Rc8 19. b3 Qa5 20. Nd1 Bb5 21. Re1 Rc2 22. Rxc2 Qxe1+ 23. Kh2 Bc6 24. f3 g5 25. Nf2 Rf4 26. Qb2 Rf5 27. Re2 Qb4 28. Nd3 Qb6 29. a4 a5 30. Nf2 Qb4 31. Nd3 Qb6 32. Nf2 Qb4 33. Ng4 Kg7 34. Nf6 (34. Ne3 $5 Rf8 35. Ng4 $11) 34... d4 35. Nh5+ Kg8 ({Black should play} 35... Kg6 $15 36. Ng3 d3) 36. Ng3 Rf4 37. Qd2 Bd5 38. Nh5 Qxd2 39. Rxd2 Rf5 $1 40. Nf6+ Kf7 41. Nxd5 $15 exd5 42. Rxd4 Rxe5 43. b4 axb4 44. Rxb4 Re7 45. Kg3 Kg6 46. f4 Rc7 47. fxg5 Kxg5 48. Rd4 Rc5 49. Rb4 Rc7 50. Rd4 Rc5 51. Rb4 1/2-1/2

[Event "56th Rubinstein Memorial D 2020"]
[Site "Polanica Zdroj"]
[Date "2020.08.18"]
[Round "4.7"]
[White "Kozlowski, Pawel"]
[Black "Kaczanowski, Pawel"]
[Result "1-0"]
[ECO "B30"]
[WhiteElo "1913"]
[BlackElo "1655"]
[Annotator "RC"]
[PlyCount "35"]
[EventDate "2020.08.15"]
[EventType "swiss"]
[EventCountry "POL"]
[SourceTitle "playchess.com"]
[Source "ChessBase"]
[SourceQuality "1"]
[TimeControl "40/5400+30:1800+30"]

1. e4 c5 2. Nf3 Nc6 3. c3 Nf6 4. d3 Qc7 5. Be2 d5 6. Nbd2 Bg4 7. O-O e6 8. Re1 Be7 9. h3 Bh5 10. e5 Nxe5 11. Nxe5 Qxe5 12. Bg4 Qxe1+ 13. Qxe1 Nxg4 14. hxg4 Bxg4 15. Nf1 O-O-O 16. Bf4 c4 17. dxc4 dxc4 18. Qe4 1-0

[Event "56th Rubinstein Memorial D 2020"]
[Site "Polanica Zdroj"]
[Date "2020.08.18"]
[Round "4.10"]
[White "Pyka, Roman"]
[Black "Bialik, Nikodem"]
[Result "1-0"]
[ECO "A13"]
[WhiteElo "1873"]
[BlackElo "1552"]
[Annotator "NA RC"]
[PlyCount "109"]
[EventDate "2020.08.15"]
[EventType "swiss"]
[EventCountry "POL"]
[SourceTitle "playchess.com"]
[Source "ChessBase"]
[SourceQuality "1"]
[TimeControl "40/5400+30:1800+30"]

1. c4 e6 2. e4 Nf6 3. e5 Ng8 4. Nc3 d5 5. d4 dxc4 6. Bxc4 {[%emt 0:00:13] A18: English Opening: Flohr-Mikenas System (1 c4 Nf6 2 Nc3 e6 3 e4).} c6 (6... Ne7 $142) 7. Nf3 Nd7 8. O-O Nb6 9. Bd3 Ne7 {[%emt 0:02:30] [#]} 10. Bg5 $146 ({Predecessor:} 10. Ne4 Ned5 11. Bg5 Qc7 12. Rc1 Bd7 13. a3 h6 14. Bh4 Nf4 15. Re1 Nxd3 16. Qxd3 {1-0 (34) Biebinger,G (2309)-Just,J (2129) Sottrum 2005}) 10... h6 $2 {[%emt 0:01:07] [#]} (10... Qd7 $16 {is a better defense.}) 11. Bh4 $2 (11. Ne4 $1 $18 {and the rest is easy.}) 11... g5 {[%emt 0:01:12] [#]} 12. Ne4 $1 Ned5 13. Bg3 Be7 14. a4 a5 15. Nd6+ (15. h3 $16) 15... Bxd6 16. exd6 Nf4 17. Bxf4 gxf4 18. Ne5 Qxd6 19. Qh5 Rf8 20. Rfd1 Qe7 21. Qxh6 Nd5 22. Be4 Qf6 23. Qxf6 (23. Qh3 $16) 23... Nxf6 24. Bf3 Bd7 25. Nd3 Nd5 26. Bxd5 exd5 27. Nxf4 O-O-O 28. f3 Rh8 29. g3 Bf5 30. h4 Rdg8 31. Kf2 Kc7 32. Rac1 Kd6 33. Re1 Re8 34. Re3 Rxe3 35. Kxe3 Re8+ 36. Kd2 Rg8 37. Rg1 b6 38. g4 Bd7 39. h5 c5 40. dxc5+ bxc5 41. b3 Ke5 42. Nd3+ Kd4 43. Re1 f5 44. Ne5 Be8 45. h6 c4 46. bxc4 dxc4 47. gxf5 Rg2+ 48. Kc1 Bxa4 49. Re4+ Kd5 50. Nxc4 Rh2 51. Nb6+ Kc6 52. Nxa4 Rxh6 53. Re6+ Rxe6 54. fxe6 Kd6 {[%emt 0:00:04] [#]} 55. Nc5 1-0

[Event "56th Rubinstein Memorial D 2020"]
[Site "Polanica Zdroj"]
[Date "2020.08.18"]
[Round "4.11"]
[White "Podgorski, Maciej"]
[Black "Zielinski, Marcin"]
[Result "1-0"]
[ECO "B12"]
[WhiteElo "1810"]
[BlackElo "1527"]
[Annotator "NA RC"]
[PlyCount "61"]
[EventDate "2020.08.15"]
[EventType "swiss"]
[EventCountry "POL"]
[SourceTitle "playchess.com"]
[Source "ChessBase"]
[SourceQuality "1"]
[TimeControl "40/5400+30:1800+30"]

1. e4 c6 2. d4 d5 3. e5 c5 4. dxc5 Nc6 5. Nf3 Bg4 6. h3 {[%emt 0:00:41] B12: Caro-Kann: Advance Variation.} Bxf3 7. Qxf3 e6 8. b4 {[%emt 0:06:01] [#]} Nxe5 $146 (8... a5 $15) ({Predecessor:} 8... Nxb4 9. Bb5+ Nc6 10. O-O Bxc5 11. Qg3 g6 12. Nd2 Nge7 13. Nb3 Bb6 14. Bg5 Qc7 {1-0 (36) Annageldyev,O (2396)-Manca,F (2425) Budapest 2012}) 9. Bb5+ Nc6 10. Bb2 Qh4 (10... Nf6 $11) 11. g4 ({Better is} 11. c4 $16) 11... Nge7 (11... h5 $11) 12. Nd2 a6 13. Ba4 O-O-O (13... h5 $16) 14. Qxf7 Qh6 15. a3 d4 16. Nc4 Nd5 $2 (16... Kb8 {is a better chance.} 17. h4 Qf6) 17. Bxc6 bxc6 18. Qa7 Qg6 19. O-O-O Qg5+ 20. Kb1 Rd7 21. Qa8+ Kc7 22. Nb6 Nxb6 23. cxb6+ Kxb6 24. Bxd4+ $18 Kb5 25. c4+ Kxc4 26. Qxc6+ Bc5 27. Qxe6+ Rd5 28. Qe2+ Kb3 29. Qd3+ Ka4 30. Qxa6+ Kb3 31. Rd3# 1-0

[Event "56th Rubinstein Memorial D 2020"]
[Site "Polanica Zdroj"]
[Date "2020.08.18"]
[Round "4.12"]
[White "Kalkowski, Igor"]
[Black "Wolska, Marta"]
[Result "*"]
[ECO "E21"]
[WhiteElo "1747"]
[BlackElo "1551"]
[Annotator "NA RC"]
[PlyCount "36"]
[EventDate "2020.08.15"]
[EventType "swiss"]
[EventCountry "POL"]
[SourceTitle "playchess.com"]
[Source "ChessBase"]
[SourceQuality "1"]
[TimeControl "40/5400+30:1800+30"]

1. d4 Nf6 2. c4 e6 3. Nc3 Bb4 4. Nf3 O-O 5. Bf4 b6 6. e3 Bb7 7. Bd3 d6 8. Qc2 Nbd7 9. O-O Bxc3 10. bxc3 Qe7 11. Bg5 h6 12. Bh4 Rac8 13. Qa4 a5 14. e4 e5 15. Rae1 Rfe8 16. Bxf6 Nxf6 17. c5 Qd7 18. Qc2 Nh5 *

[Event "56th Rubinstein Memorial D 2020"]
[Site "Polanica Zdroj"]
[Date "2020.08.18"]
[Round "4.13"]
[White "Brzozowski, Pawel"]
[Black "Bukala, Weronika"]
[Result "1-0"]
[ECO "B01"]
[WhiteElo "1620"]
[BlackElo "1504"]
[Annotator "NA"]
[PlyCount "55"]
[EventDate "2020.08.15"]
[EventType "swiss"]
[EventCountry "POL"]
[SourceTitle "playchess.com"]
[Source "ChessBase"]
[SourceQuality "1"]
[TimeControl "40/5400+30:1800+30"]

1. e4 d5 2. exd5 Qxd5 3. c4 Qd6 4. d4 Nc6 5. d5 Ne5 6. Nc3 a6 7. Ne4 Qg6 8. Qd4 Nf6 9. Ng3 Nfd7 10. f4 c5 11. Qd1 Qb6 12. fxe5 Nxe5 13. Qc2 g6 14. b3 Bg7 15. Bb2 O-O 16. Nf3 Nxf3+ 17. gxf3 Qb4+ 18. Kf2 Bh6 19. Re1 e6 20. Ne4 f5 21. Nf6+ Kf7 22. Nxh7 Rd8 23. Qe2 Qb6 24. Qe5 Rg8 25. Qf6+ Ke8 26. dxe6 Qc7 27. e7 Be6 28. Qxe6 1-0

[Event "56th Rubinstein Memorial D 2020"]
[Site "Polanica Zdroj"]
[Date "2020.08.18"]
[Round "4.14"]
[White "Ochenduszko, Bartosz"]
[Black "Borowski, Przemyslaw"]
[Result "1/2-1/2"]
[ECO "A45"]
[WhiteElo "1531"]
[BlackElo "1790"]
[Annotator "NA RC"]
[PlyCount "78"]
[EventDate "2020.08.15"]
[EventType "swiss"]
[EventCountry "POL"]
[SourceTitle "playchess.com"]
[Source "ChessBase"]
[SourceQuality "1"]
[TimeControl "40/5400+30:1800+30"]

1. d4 Nf6 2. Bf4 c5 3. e3 g6 4. Nf3 Qb6 5. Nc3 Bg7 6. Qd2 O-O 7. Na4 Qb4 8. Nxc5 Qxb2 9. Qc1 Qc3+ 10. Nd2 d6 11. Ncb3 e5 12. dxe5 dxe5 13. Bg3 Rd8 14. Bd3 e4 15. Be2 Nc6 16. O-O Nb4 17. Rb1 Nxa2 18. Qa3 Rxd2 19. Rfd1 Be6 20. Rxd2 Bxb3 21. Rbd1 Bd5 22. Rxd5 Qxa3 23. Bd6 Nxd5 24. Bxa3 Ndc3 25. Re1 Nxe2+ 26. Rxe2 Rd8 27. f3 Nc3 28. Re1 exf3 29. gxf3 Rd1 30. Kf2 Rxe1 31. Kxe1 Bf8 32. Bb2 Nd5 33. Ke2 Bc5 34. e4 Nf4+ 35. Kd2 Kf8 36. Kc3 b5 37. Kb3 Ne6 38. Bf6 Nd4+ 39. Kc3 Nxf3 1/2-1/2

[Event "56th Rubinstein Memorial D 2020"]
[Site "Polanica Zdroj"]
[Date "2020.08.18"]
[Round "4.15"]
[White "Zyla, Tomasz"]
[Black "Ciechonski, Piotr"]
[Result "1/2-1/2"]
[ECO "A43"]
[WhiteElo "1543"]
[BlackElo "1774"]
[Annotator "NA RC"]
[PlyCount "146"]
[EventDate "2020.08.15"]
[EventType "swiss"]
[EventCountry "POL"]
[SourceTitle "playchess.com"]
[Source "ChessBase"]
[SourceQuality "1"]
[TimeControl "40/5400+30:1800+30"]

1. d4 c5 2. e3 cxd4 3. exd4 Nf6 4. Nf3 g6 5. c4 d5 6. Nc3 Bg7 7. Bg5 dxc4 8. Bxc4 O-O 9. O-O Bf5 10. Qb3 Nc6 11. Rfd1 Na5 12. Qa4 Nxc4 13. Qxc4 Bg4 14. Qd3 Qa5 15. Bd2 Qh5 16. Rac1 Bxf3 17. Qxf3 Qxf3 18. gxf3 Rac8 19. Be3 e6 20. Kf1 Rfd8 21. Ke2 a6 22. Na4 Nd5 23. a3 Bf8 24. Rxc8 Rxc8 25. Rc1 Rxc1 26. Bxc1 Bd6 27. h3 b6 28. Kd3 f5 29. b4 Kf7 30. Bg5 Ke8 31. Nc3 Kd7 32. Nxd5 exd5 33. Bd2 f4 34. Bc1 b5 35. Bb2 Ke6 36. Ke2 Kd7 37. Kd3 Kc7 38. Ke2 Kb6 39. Bc3 Bc7 40. Bd2 Kc6 41. Kd3 Kd7 42. Ke2 Ke6 43. Kf1 Kf5 44. Bc3 Bd8 45. Bd2 Bf6 46. Bc3 h5 47. Bb2 Kg5 48. Bc3 Kh4 49. Kg2 Kg5 50. Kf1 Kf5 51. Bb2 g5 52. Kg2 Bd8 53. Bc3 Bb6 54. Bb2 a5 55. Bc3 axb4 56. axb4 Bc7 57. Bb2 Bd6 58. Bc3 g4 59. hxg4+ hxg4 60. fxg4+ Ke4 61. g5 f3+ 62. Kh3 Kd3 63. g6 Bf8 64. Bb2 Kc2 65. Ba1 Kb3 66. Kg4 Kxb4 67. Kxf3 Kb3 68. Kf4 b4 69. Ke5 Ka2 70. Kxd5 Kxa1 71. Kc4 Ka2 72. g7 Bxg7 73. Kxb4 Bf8+ 1/2-1/2

[Event "56th Rubinstein Memorial D 2020"]
[Site "Polanica Zdroj"]
[Date "2020.08.18"]
[Round "4.16"]
[White "Jurkiewicz, Joanna"]
[Black "Grzebieniowski, Michal"]
[Result "1-0"]
[ECO "B17"]
[WhiteElo "1691"]
[BlackElo "1390"]
[Annotator "NA"]
[PlyCount "75"]
[EventDate "2020.08.15"]
[EventType "swiss"]
[EventCountry "POL"]
[SourceTitle "playchess.com"]
[Source "ChessBase"]
[SourceQuality "1"]
[TimeControl "40/5400+30:1800+30"]

1. e4 c6 2. d4 d5 3. Nc3 dxe4 4. Nxe4 Nd7 5. Nf3 Ngf6 6. Ng3 e6 7. Bd3 Be7 8. O-O O-O 9. c3 b6 10. Qc2 h6 11. Ne5 Bb7 12. Nxd7 Qxd7 13. Be3 Rfd8 14. Rad1 Qc7 15. h3 c5 16. dxc5 Bxc5 17. Bxc5 Qxc5 18. Ne4 Bxe4 19. Bxe4 Rac8 20. Bf3 Qe7 21. Qa4 e5 22. Rxd8+ Rxd8 23. Rd1 Rxd1+ 24. Qxd1 e4 25. Be2 Qe6 26. Qa4 a5 27. Bc4 Qd6 28. Qb3 Qc7 29. Bd5 Qd7 30. c4 Qd6 31. a3 Kf8 32. Qe3 Qc5 33. Qf4 Nxd5 34. cxd5 Qd4 35. Qb8+ Ke7 36. Qc7+ Ke8 37. d6 Qf6 38. d7+ 1-0

[Event "56th Rubinstein Memorial D 2020"]
[Site "Polanica Zdroj"]
[Date "2020.08.18"]
[Round "4.17"]
[White "Karalchuk, Alieksej"]
[Black "Grzelak, Piotr"]
[Result "0-1"]
[ECO "C00"]
[WhiteElo "1493"]
[BlackElo "1664"]
[Annotator "NA"]
[PlyCount "68"]
[EventDate "2020.08.15"]
[EventType "swiss"]
[EventCountry "POL"]
[SourceTitle "playchess.com"]
[Source "ChessBase"]
[SourceQuality "1"]
[TimeControl "40/5400+30:1800+30"]

1. e4 e6 2. d3 d5 3. Nd2 c5 4. g3 Nc6 5. Bg2 d4 6. Ngf3 e5 7. O-O Bd6 8. Re1 Nge7 9. h3 O-O 10. Nc4 Bc7 11. c3 b5 12. Na3 Rb8 13. cxd4 cxd4 14. Bg5 Be6 15. Bxe7 Qxe7 16. Nc2 f6 17. Qd2 Ba5 18. b4 Nxb4 19. Rec1 Nxc2 20. Qxc2 Rfc8 21. Qe2 Bc3 22. Rab1 a5 23. Ne1 Qa3 24. Rc2 a4 25. f4 b4 26. fxe5 fxe5 27. Qh5 Rb5 28. Qg5 b3 29. axb3 axb3 30. Rf2 Rf8 31. Rxf8+ Qxf8 32. Nf3 b2 33. h4 Qf6 34. Qh5 Qg6 0-1

[Event "56th Rubinstein Memorial D 2020"]
[Site "Polanica Zdroj"]
[Date "2020.08.18"]
[Round "4.18"]
[White "Ratajczak, Hubert"]
[Black "Goral, Jan"]
[Result "1-0"]
[ECO "B38"]
[WhiteElo "1513"]
[BlackElo "1580"]
[Annotator "NA"]
[PlyCount "127"]
[EventDate "2020.08.15"]
[EventType "swiss"]
[EventCountry "POL"]
[SourceTitle "playchess.com"]
[Source "ChessBase"]
[SourceQuality "1"]
[TimeControl "40/5400+30:1800+30"]

1. e4 c5 2. Nf3 Nc6 3. d4 cxd4 4. Nxd4 g6 5. c4 Bg7 6. Be3 Nf6 7. Nc3 O-O 8. Be2 d6 9. O-O Bd7 10. Qd2 Nxd4 11. Bxd4 Bc6 12. f3 Nd7 13. Be3 Nc5 14. Rab1 a5 15. b3 Be5 16. g3 e6 17. Rfd1 h5 18. Nb5 Qb6 19. f4 Bxb5 20. fxe5 Ba6 21. exd6 Qc6 22. Bxc5 Qxc5+ 23. Qd4 Qc6 24. e5 b6 25. Rf1 Rab8 26. Bf3 Qc5 27. Qxc5 bxc5 28. Bc6 Rfc8 29. Be4 Bb7 30. Bxb7 Rxb7 31. Rf3 a4 32. h4 Rcb8 33. Kf2 Kf8 34. Rd3 Ke8 35. Rf3 Rb4 36. Rc3 Kd7 37. Ke3 f6 38. exf6 R4b6 39. Rd3 Rf8 40. Rf1 axb3 41. Rxb3 Rxb3+ 42. axb3 Kxd6 43. Ke4 e5 44. Rd1+ Ke6 45. Rd5 Kxf6 46. Rxc5 Rb8 47. Rb5 Rd8 48. Rb6+ Kg7 49. Kxe5 Rd3 50. Kf4 Rd4+ 51. Ke3 Rg4 52. Kf3 Rd4 53. c5 Rd3+ 54. Kf4 Rc3 55. c6 Kh6 56. b4 Rc4+ 57. Kf3 Rc3+ 58. Kg2 Rc2+ 59. Kh3 Rc4 60. b5 Kg7 61. Rb7+ Kf6 62. c7 Ke6 63. b6 Kd7 64. Rb8 1-0

[Event "56th Rubinstein Memorial D 2020"]
[Site "Polanica Zdroj"]
[Date "2020.08.18"]
[Round "4.19"]
[White "Kolodziejski, Grzegorz"]
[Black "Garwacki, Kornel"]
[Result "1/2-1/2"]
[ECO "C68"]
[WhiteElo "1550"]
[BlackElo "1492"]
[Annotator "NA"]
[PlyCount "117"]
[EventDate "2020.08.15"]
[EventType "swiss"]
[EventCountry "POL"]
[SourceTitle "playchess.com"]
[Source "ChessBase"]
[SourceQuality "1"]
[TimeControl "40/5400+30:1800+30"]

1. e4 e5 2. Nf3 Nc6 3. Bb5 a6 4. Bxc6 dxc6 5. O-O Bd6 6. d4 exd4 7. Qxd4 f6 8. e5 fxe5 9. Nxe5 Qf6 10. Re1 Ne7 11. Nf3 O-O 12. Qxf6 Rxf6 13. Bg5 Re6 14. Nc3 Nd5 15. Ne4 Bd7 16. Nxd6 Rxe1+ 17. Rxe1 cxd6 18. c4 Nb6 19. b3 Re8 20. Kf1 Kf7 21. Nd2 Bf5 22. f3 h6 23. Bf4 d5 24. Bc7 Rxe1+ 25. Kxe1 Nd7 26. cxd5 cxd5 27. Ke2 Ke6 28. Ke3 Ne5 29. Bxe5 Kxe5 30. f4+ Kd6 31. Kd4 b6 32. Nf1 g6 33. Ne3 Be6 34. g4 Bf7 35. f5 g5 36. Ng2 Be8 37. h4 Bb5 38. hxg5 hxg5 39. Ne1 Be2 40. Ke3 Bxg4 41. f6 Bh5 42. Kd4 Ke6 43. a4 Bd1 44. a5 bxa5 45. f7 Kxf7 46. Kxd5 Bxb3+ 47. Kd4 a4 48. Nd3 Kf6 49. Nf2 Kf5 50. Kc3 Kf4 51. Nh3+ Kg4 52. Nxg5 Kxg5 53. Kb2 a5 54. Ka1 Kf4 55. Kb2 Ke3 56. Ka1 Kd2 57. Kb2 Bc2 58. Ka1 Bb3 59. Kb2 1/2-1/2

[Event "56th Rubinstein Memorial D 2020"]
[Site "Polanica Zdroj"]
[Date "2020.08.18"]
[Round "4.20"]
[White "Lisiecki, Robert"]
[Black "Olsztynski, Andrzej"]
[Result "0-1"]
[ECO "B30"]
[WhiteElo "1749"]
[BlackElo "1400"]
[Annotator "NA"]
[PlyCount "92"]
[EventDate "2020.08.15"]
[EventType "swiss"]
[EventCountry "POL"]
[SourceTitle "playchess.com"]
[Source "ChessBase"]
[SourceQuality "1"]
[TimeControl "40/5400+30:1800+30"]

1. e4 c5 2. Nf3 Nc6 3. Bb5 a6 4. Bxc6 dxc6 5. e5 Bg4 6. O-O Qd5 7. Nc3 Bxf3 8. Nxd5 Bxd1 9. Nc7+ Kd8 10. Nxa8 Bxc2 11. a4 a5 12. Re1 e6 13. Nb6 Bd3 14. Re3 c4 15. b3 Bc5 16. Nxc4 Bxc4 17. bxc4 Bxe3 18. fxe3 Ne7 19. Ba3 Nc8 20. Rb1 Kc7 21. Bd6+ Nxd6 22. exd6+ Kxd6 23. Rxb7 Kc5 24. Rxf7 Kxc4 25. Rxg7 c5 26. Kf2 Kb4 27. Rg4+ c4 28. h4 Rc8 29. Re4 Kxa4 30. Rxe6 Kb3 31. g4 a4 32. Re7 a3 33. Rb7+ Kc2 34. Ra7 Kxd2 35. Rxa3 c3 36. g5 c2 37. Ra1 Rb8 38. Kf3 Rb1 39. Ra2 Kd3 40. Rxc2 Kxc2 41. Kg4 Kd3 42. h5 Ke4 43. h6 Rg1+ 44. Kh5 Kf5 45. e4+ Kxe4 46. g6 Rxg6 0-1